 Seeded DCSS version 0.30.0-18-gc0e69614cb (webtiles) character file.

Game seed: 6351066067085065685 (custom seed)

2090 Esekla the Thaumaturge (level 9, -2/48 HPs)
             Began as a Deep Elf Necromancer on May 25, 2023.
             Was a Believer of Vehumet.
             Slain by an ogre
             ... wielding a +0 giant club
              (32 damage)
             ... on level 7 of the Dungeon.
             The game lasted 00:38:50 (7153 turns).

Esekla the Thaumaturge (Deep Elf Necromancer)       Turns: 7153, Time: 00:38:51

Health: -2/48      AC:  4    Str:  5    XL:     9   Next: 6%
Magic:  22/24      EV: 15    Int: 25    God:    Vehumet [**....]
Gold:   331        SH:  0    Dex: 18    Spells: 20/26 levels left

rFire   . . .        c - +5 rapier of the Hero {heavy, rN+ Dex+3}
rCold   . . .        (no shield)
rNeg    + . .        a - +0 robe
rPois   .            t - +0 helmet
rElec   .            (no cloak)
rCorr   .            y - +0 pair of gloves
SInv    .            (no boots)
Will    .....        B - amulet of magic regeneration
Stlth   +++          (no ring)
HPRegen 0.28/turn    (no ring)
MPRegen 0.59/turn

%: no passive effects
@: no status effects
A: no striking features
a: Renounce Religion


You were on level 7 of the Dungeon.
You worshipped Vehumet.
Vehumet was pleased with you.
You visited 2 branches of the dungeon, and saw 8 of its levels.

You collected 331 gold pieces.

Inventory:

Hand Weapons
 c - the +5 rapier of the Hero (weapon) {heavy, rN+ Dex+3}
   (You found it on level 3 of the Dungeon)

   Dex:       It affects your dexterity (+3).
   rN:        It protects you from negative energy.
 r - a +4 trident of venom
 G - a +0 scimitar
Missiles
 n - 22 poisoned darts (quivered)
 x - 3 throwing nets
Armour
 a - a +0 robe (worn)
 o - a +0 buckler
 t - a +0 helmet (worn)
 v - a +0 pair of gloves
 y - a +0 pair of gloves (worn)
Jewellery
 B - an amulet of magic regeneration (around neck)
Wands
 l - a wand of roots (21)
 F - a wand of flame (15)
Scrolls
 e - 3 scrolls of fear {unknown}
 f - a scroll of identify
 i - a scroll of enchant armour {unknown}
 m - 2 scrolls of blinking {unknown}
 p - 2 scrolls of amnesia {unknown}
 q - a scroll of immolation {unknown}
 u - a scroll of summoning {unknown}
 w - 3 scrolls of enchant weapon {unknown}
 z - a scroll of magic mapping {unknown}
 D - a scroll of fog {unknown}
 E - a scroll of silence {unknown}
 H - a scroll of teleportation {unknown}
Potions
 b - a potion of magic
 d - 3 potions of ambrosia
 g - 3 potions of attraction
 h - 2 potions of heal wounds
 j - a potion of curing
 k - a potion of haste
 s - a potion of mutation
 A - a potion of brilliance
 C - a potion of lignification


   Skills:
 + Level 2.0 Fighting
 + Level 3.9 Short Blades
 + Level 2.0 Throwing
 * Level 6.4 Dodging
 + Level 4.8 Stealth
 * Level 9.3 Spellcasting
 + Level 7.4 Necromancy
 * Level 2.5 Fire Magic


You had 20 spell levels left.
You knew the following spells:

 Your Spells              Type           Power      Damage    Failure   Level
a - Necrotise             Necr           100%       1d9       1%          1
d - Vampiric Draining     Necr           49%        2d9       1%          3
o - Scorch                Fire           48%        2d7       2%          2

Your spell library contained the following spells:

 Spells                   Type           Power      Damage    Failure   Level
 Animate Dead             Necr           49%        N/A       2%          4
 Agony                    Necr           49%        N/A       7%          5
 Spider Form              Tmut/Pois      11%        N/A       16%         3
 Cause Fear               Hex            5%         N/A       45%         4
 Summon Mana Viper        Hex/Summ       11%        N/A       82%         5


Dungeon Overview and Level Annotations

Branches:
Dungeon (7/15)             Temple (1/1) D:6

Altars:
Cheibriados
Dithmenos
Fedhas
Hepliaklqana
Okawaru
Qazlal
Trog
Vehumet
Xom
Zin
The Shining One

Shops:
D:2 =   D:4 (

Annotations:
D:7 Joseph


Message History

Casting: Vampiric Draining (safe; 1% risk of failure)
Confirm with . or Enter, or press ? or * to list all spells.
Aiming: Vampiric Draining (safe; 1% risk of failure)
Press: ? - help, Shift-Dir - straight line, f - centaur
Aim: a centaur (heavily wounded)
You draw life force from the centaur!
You kill the centaur!
Vehumet accepts your kill.
You feel your power returning.
You feel life coursing into your body.
Your Fighting skill increases to level 2!
Things that are here:
a +0 shortbow; a centaur corpse
Things that are here:
a +0 club; a gnoll corpse
There is an escape hatch in the ceiling here.
There is an escape hatch in the ceiling here.
There is an escape hatch in the ceiling here.
An ogre comes into view. It is wielding a +0 giant club.
The ogre shouts!
You hear a shout!
You hear a bark!
The ogre closely misses you.
You closely miss the ogre. The ogre hits you with a +0 giant club.
You hit the ogre.
The ogre is lightly wounded.
The ogre closely misses you.
You hit the ogre.
The ogre is moderately wounded.
You hear a bark!
A white imp comes into view.
A hound comes into view.
The ogre hits you with a +0 giant club!!
You hear a shout!
Casting: Vampiric Draining (safe; 1% risk of failure)
Confirm with . or Enter, or press ? or * to list all spells.
Aiming: Vampiric Draining (safe; 1% risk of failure)
Press: ? - help, Shift-Dir - straight line, f - ogre
Aim: an ogre, wielding a +0 giant club (moderately wounded)
You draw life force from the ogre!
You feel life coursing into your body.
Joseph, a Mercenary comes into view.
He is wielding a +0 quarterstaff.
The ogre hits you with a +0 giant club!!
Ouch! That really hurt!
You die...

.... #(..'.... ...#
####.###.... ...
..##.# #####
..#######.##.#
#.#<.)..#.##.#
..##.##@#..#.##.######
..'....h5..)....)....#
..#####O####..######.#
#.<.@...##..#
#.###.#.##..# #.#
#.#.##..# #.# #.#
##..# #.###.# #...
#.....# #... #######


You could see Joseph, an ogre, a hound and a white imp.

Vanquished Creatures
  Pikel (D:6)
  An ice beast (D:6)
  A sky beast (D:6)
  2 black bears
  An ogre (D:5)
  A centaur (D:7)
  A phantom (D:6)
  Blork the orc (D:6)
  A kobold brigand (D:6)
  A gnoll sergeant (D:6)
  2 scorpions (D:5)
  A gnoll bouda (D:4)
  5 hounds
  A jelly (D:6)
  5 iguanas
  A sleepcap (D:5)
  15 gnolls
  8 adders
  3 white imps
  An ufetubus (D:6)
  A worm (D:4)
  2 dart slugs
  11 orcs
  5 ball pythons
  2 endoplasms
  6 goblins
  4 hobgoblins
  A quokka (D:1)
  4 bats
  3 frilled lizards
  11 kobolds
  A rat (D:2)
104 creatures vanquished.

Notes
Turn   | Place    | Note
-------+----------+-------------------------------------------
     0 | D:1      | Esekla the Deep Elf Necromancer began the quest for the
                  | Orb.
     0 | D:1      | Reached XP level 1. HP: 10/10 MP: 6/6
   387 | D:1      | Reached XP level 2. HP: 15/15 MP: 8/8
   444 | D:1      | Reached skill level 5 in Necromancy
   811 | D:4      | Found a radiant altar of Vehumet.
   815 | D:4      | Became a worshipper of Vehumet
   834 | D:5      | Entered Level 5 of the Dungeon
   838 | D:5      | Reached XP level 3. HP: 19/19 MP: 10/10
   859 | D:4      | Learned a level 3 spell: Vampiric Draining
   990 | D:2      | Found Renulab's Jewellery Shop.
  1133 | D:3      | Identified the +5 rapier of the Hero {heavy, rN+ Dex+3}
  1235 | D:2      | Reached XP level 4. HP: 11/24 MP: 7/11
  1432 | D:2      | Noticed a black bear
  1439 | D:2      | Killed a black bear
  1440 | D:2      | Reached skill level 1 in Short Blades
  1440 | D:2      | Reached skill level 4 in Spellcasting
  1440 | D:2      | Reached XP level 5. HP: 27/28 MP: 2/13
  1621 | D:2      | Found a faded altar of an unknown god.
  1775 | D:3      | Found a stormy altar of Qazlal.
  1778 | D:3      | Found a hazy altar of Hepliaklqana.
  1778 | D:3      | Found a bloodstained altar of Trog.
  2499 | D:4      | Found Ponaysk's Antique Weapon Boutique.
  2634 | D:4      | Found a glowing silver altar of Zin.
  2645 | D:4      | Found an iron altar of Okawaru.
  2664 | D:4      | Found a glowing golden altar of the Shining One.
  2811 | D:3      | Reached XP level 6. HP: 30/33 MP: 15/15
  2996 | D:4      | Reached skill level 1 in Fighting
  2996 | D:4      | Reached skill level 5 in Spellcasting
  3294 | D:4      | Reached * piety under Vehumet
  3294 | D:4      | Offered knowledge of Shock by Vehumet.
  3313 | D:5      | Got the Parchment of the Lumpy Olives
  3436 | D:5      | Found a shadowy altar of Dithmenos.
  3921 | D:5      | Reached XP level 7. HP: 37/38 MP: 17/17
  3946 | D:5      | Reached skill level 6 in Spellcasting
  4666 | D:5      | Reached skill level 1 in Throwing
  4666 | D:5      | Reached skill level 5 in Dodging
  5127 | D:6      | Noticed Blork the orc
  5208 | D:6      | Reached skill level 7 in Spellcasting
  5253 | D:6      | Found a blossoming altar of Fedhas.
  5267 | D:6      | Reached XP level 8. HP: 36/43 MP: 12/20
  5443 | D:6      | Killed Blork the orc
  5477 | D:6      | Noticed Pikel
  5538 | D:6      | Found a staircase to the Ecumenical Temple.
  5910 | D:6      | Offered knowledge of Scorch by Vehumet.
  5919 | D:6      | Learned a level 2 spell: Scorch
  6103 | Temple   | Entered the Ecumenical Temple
  6187 | D:6      | Reached ** piety under Vehumet
  6492 | D:6      | HP: 1/44 [gnoll sergeant/+4 trident of venom (15)]
  6658 | D:6      | Killed Pikel
  6659 | D:6      | Reached skill level 9 in Spellcasting
  6995 | D:6      | Reached XP level 9. HP: 48/48 MP: 20/24
  7153 | D:7      | Noticed Joseph
  7153 | D:7      | Slain by an ogre

Illustrated notes

Levels and vault maps discovered:
D:1:      sevenhm_arrival_forest_fort_small_3, layout_rooms,
          chequers_serial_rivers_room_b, minmay_misc_feat_five
D:2:      layout_loops_ring, dreamdust_ecumenical_altar_angels_and_demons,
          serial_shops, shop
D:3:      layout_basic, grunt_temple_overflow_open, minmay_misc_feat_iff
D:4:      layout_basic, nicolae_overflow_quartered_altars, serial_shops,
          nicolae_diamond_shop
D:5:      layout_loops_ring, lemuel_doored_altar, minmay_misc_feat_rows,
          dreamdust_wishing_well
D:6:      layout_loops_cross, fedhas_altar_fruit_tree,
          minmay_temple_entry_glass, uniq_pikel, uniq_blork_the_orc
D:7:      layout_basic, uniq_menkaure, uniq_joseph, uniq_crazy_yiuf_cottage
Temple:   compressed_dpeg_circular_temple

Skill      XL: |  1  2  3  4  5  6  7  8  9 |
---------------+----------------------------+-----
Dodging        | 3 4 5 6 |  6.4
Necromancy     | 5 6 7 |  7.4
Stealth        | 3 4 |  4.8
Short Blades   | 1 2 3 |  3.9
Spellcasting   | 4 5 7 9 |  9.3
Fighting       | 1 2 |  2.0
Throwing       | 1 2 |  2.0
Fire Magic     | 2 |  2.5

Action                     |  1- 3 |  4- 6 |  7- 9 || total
---------------------------+-------+-------+-------++-------
  Melee: Unarmed           |    32 |       |       ||    32
         Short sword       |    10 |       |       ||    10
         Dagger            |    47 |       |       ||    47
         Punch             |     1 |       |     1 ||     2
         Rapier            |     2 |    64 |    77 ||   143
  Throw: Dart              |       |    11 |    31 ||    42
   Cast: Vampiric Draining |     2 |    17 |    34 ||    53
    Use: Scroll            |       |       |     7 ||     7
         Potion            |       |       |     5 ||     5
   Stab: Sleeping          |     3 |     8 |     7 ||    18
 Armour: Robe              |    17 |    13 |    14 ||    44
  Dodge: Dodged            |    58 |    82 |    72 ||   212
